 Dungeon Sprint DCSS version 0.26.1-10-gdfb7c7de75 (webtiles) character file.

Game seed: 7043908635625766120

900000 Alvadar the Blinker (level 11, 92/92 HPs)
             Began as a Demonspawn Warper on Mar 31, 2021.
             Was an Initiate of Makhleb.
             Quit the game in the Dungeon (Sprint VIII: "Arena of Blood").
             The game lasted 00:00:30 (9 turns).

Alvadar the Blinker (Demonspawn Warper)                Turns: 9, Time: 00:00:30

Health: 92/92      AC:  5    Str: 14    XL:     11   Next: 71%
Magic:  3/26       EV: 16    Int: 16    God:    Makhleb [......]
Gold:   0          SH:  0    Dex: 12    Spells: 32/32 levels left

rFire    . . .     SeeInvis +   c - +∞ Axe of Woe
rCold    . . .     Faith    .   (shield currently unavailable)
rNeg     . . .     Spirit   .   b - +0 leather armour
rPois    .         Reflect  .   (helmet unavailable)
rElec    .         Harm     .   (no cloak)
rCorr    .         Rampage  .   (no gloves)
Will     .....     NoTele   +   (no boots)
Stlth    +.........             (no amulet)
HPRegen  0.25/turn              (no ring)
MPRegen  0.20/turn              (no ring)

@: no status effects
A: antennae 3, slimy green scales 1, demonic guardian 1
a: Renounce Religion


You were in the Dungeon.
You worshipped Makhleb.
Makhleb was noncommittal.
You visited 1 branch

Inventory:

Hand Weapons
 a - a +0 hand axe
 c - the +∞ Axe of Woe (weapon)
   (You found it in the Dungeon)
Missiles
 e - 5 boomerangs of dispersal (quivered)
Armour
 b - a +0 leather armour (worn)
Scrolls
 d - 2 scrolls of blinking
Potions
 f - a potion of curing
 g - a potion of heal wounds
 h - a potion of haste
 i - 2 potions of magic
 j - a potion of berserk rage


   Skills:
 + Level 10.7 Fighting
 + Level 10.6 Axes
 + Level 2.7 Throwing
 + Level 2.7 Armour
 + Level 9.5 Dodging
 + Level 11.0 Spellcasting
 + Level 17.7 Translocations


You had 32 spell levels left.
You didn't know any spells.
Your spell library contained the following spells:

 Spells                   Type           Power        Failure   Level
 Blink                    Tloc           N/A          0%          2
 Gell's Gravitas          Tloc           30%          1%          3
 Lesser Beckoning         Tloc           30%          1%          3
 Teleport Other           Tloc           60%          1%          3
 Passage of Golubria      Tloc           N/A          1%          4


Dungeon Overview and Level Annotations

Branches:
Dungeon (1/1)

Altars:
Makhleb


Innate Abilities, Weirdness & Mutations

You have a pair of large antennae on your head. (SInv)
You are partially covered in slimy green scales. (AC +2)
A weak demonic guardian rushes to your aid.


Message History

Your demonic ancestry asserts itself...
Slimy green scales grow over part of your body.
You have reached level 8!
You feel clever.
You have reached level 9!
Your experience leads to an increase in your attributes!
Increase (S)trength, (I)ntelligence, or (D)exterity?
You feel stronger.
Your demonic ancestry asserts itself...
The antennae on your head grow some more.
You have reached level 10!
You have reached level 11!
Your demonic ancestry asserts itself...
The antennae on your head grow some more.
Unknown command.
Unknown command.
Save game and exit?
Okay, then.
Unknown command.
Unknown command.
Are you sure you want to abandon this character and quit the game? (Confirm with "yes".)

#. ...# #.. ...#
. .###..
...###...
.....o###........
......_..... ...
#....o# ....
#_.<._# .....
..#.....#......
......_.@.......
......###o.....O.
.###.. ...###O..
#.. ...o# .. #.
.....# .........
.......o
........o.


You could see 2 meat berserkers and 6 bags of meat.

Vanquished Creatures
  An orc (D)
1 creature vanquished.

Notes
Turn   | Place    | Note
-------+----------+-------------------------------------------
     0 | D        | Found the +∞ Axe of Woe
     0 | D        | Alvadar the Demonspawn Warper began the quest for the Orb.
     0 | D        | Reached XP level 1. HP: 16/16 MP: 3/3
     2 | D        | Noticed a bag of meat
     3 | D        | Became a worshipper of Makhleb the Destroyer
     3 | D        | Noticed a bag of meat
     5 | D        | Noticed a bag of meat
     7 | D        | Noticed a bag of meat
     7 | D        | Noticed a bag of meat
     8 | D        | Killed a bag of meat
     8 | D        | Noticed a meat berserker
     8 | D        | Noticed a bag of meat
     8 | D        | Noticed a meat berserker
     8 | D        | Noticed a bag of meat
     9 | D        | Reached skill level 10 in Fighting
     9 | D        | Reached skill level 10 in Axes
     9 | D        | Reached skill level 17 in Translocations
     9 | D        | Gained mutation: You have a pair of small antennae on your
                  | head. [demonic ancestry]
     9 | D        | Reached XP level 2. HP: 36/36 MP: 3/14
     9 | D        | Gained mutation: A weak demonic guardian rushes to your
                  | aid. [demonic ancestry]
     9 | D        | Reached XP level 3. HP: 42/42 MP: 3/15
     9 | D        | Reached XP level 4. HP: 49/49 MP: 3/17
     9 | D        | Reached XP level 5. HP: 54/54 MP: 3/18
     9 | D        | Reached XP level 6. HP: 61/61 MP: 3/20
     9 | D        | Gained mutation: You are partially covered in slimy green
                  | scales. (AC +2) [demonic ancestry]
     9 | D        | Reached XP level 7. HP: 67/67 MP: 3/21
     9 | D        | Reached XP level 8. HP: 74/74 MP: 3/23
     9 | D        | Gained mutation: You have a pair of antennae on your head.
                  | [demonic ancestry]
     9 | D        | Reached XP level 9. HP: 79/79 MP: 3/24
     9 | D        | Reached XP level 10. HP: 86/86 MP: 3/25
     9 | D        | Gained mutation: You have a pair of large antennae on your
                  | head. (SInv) [demonic ancestry]
     9 | D        | Reached XP level 11. HP: 92/92 MP: 3/26
     9 | D        | Quit the game

Illustrated notes

Levels and vault maps discovered:
D:        meatsprint

Skill      XL: |  1 |
---------------+----+-----
Fighting       | 10 | 10.7
Axes           | 10 | 10.6
Throwing       | 2 |  2.7
Armour         | 2 |  2.7
Dodging        | 9 |  9.5
Spellcasting   | 11 | 11.0
Translocations | 17 | 17.7

Action                   |  1- 3 |  4- 6 |  7- 9 | 10-12 || total
-------------------------+-------+-------+-------+-------++-------
Melee: Executioner's axe |     1 |       |       |       ||     1
